 Dungeon Crawl Stone Soup version 0.20.1-2-g1830e616b0 (webtiles) character file.

742 Alfie the Archer (level 7, -5/59 HPs)
             Began as a Minotaur Hunter on Feb 10, 2020.
             Slain by Blork the orc
             ... wielding a +0 mace
              (7 damage)
             ... on level 5 of the Dungeon.
             The game lasted 00:14:16 (3533 turns).

Alfie the Archer (Minotaur Hunter)                  Turns: 3533, Time: 00:14:17

Health: -5/59      AC:  0    Str: 18    XL:     7   Next: 47%
Magic:  6/6        EV: 13    Int:  8    God:
Gold:   211        SH:  0    Dex: 11    Spells: 6/6 levels left

rFire    . . .     SeeInvis .   b - +0 short sword
rCold    . . .     Gourm    .   (no shield)
rNeg     . . .     Faith    .   (no armour)
rPois    .         Spirit   .   (helmet restricted)
rElec    .         Reflect  .   (no cloak)
rCorr    .         Harm     .   (no gloves)
MR       .....                  (no boots)
Stlth    ++........             (no amulet)
Regen    0.2/turn               (no ring)
MPRegen  0.1/turn               (no ring)

@: no status effects
A: retaliatory headbutt, horns 2
a: no special abilities


You were on level 5 of the Dungeon.
You were not hungry.

You visited 1 branch of the dungeon, and saw 5 of its levels.
You also visited: Sewer.

You collected 211 gold pieces.

Inventory:

Hand Weapons
 a - a +1 shortbow
 b - a +0 short sword (weapon)
Missiles
 d - 84 arrows
 q - 7 tomahawks
 s - 14 poisoned needles (quivered)
Armour
 c - a +0 leather armour
 w - a +0 pair of gloves
 A - the +2 leather armour of the Queen {Dex+5}
   (You found it on level 5 of the Dungeon)

   It affects your dexterity (+5).
Jewellery
 g - an uncursed amulet of rage {unknown}
 i - a cursed ring of loudness {unknown}
 j - an uncursed amulet of the gourmand {unknown}
 p - a cursed amulet of faith {unknown}
 B - a cursed -2 ring of slaying {unknown}
 D - an uncursed ring of protection from cold {unknown}
Wands
 h - a wand of polymorph (18/24)
 F - a wand of flame (15/48)
Scrolls
 n - 4 scrolls of teleportation
 t - a scroll of recharging
 x - 2 scrolls of remove curse
 y - 2 scrolls of blinking
Potions
 l - 2 potions of lignification {unknown}
 m - a potion of ambrosia {unknown}
 o - a potion of invisibility
 u - 2 potions of mutation {unknown}
 z - 2 potions of degeneration {unknown}
Comestibles
 f - a bread ration
 r - 2 meat rations
 v - 2 royal jellies
 E - 4 fruits


   Skills:
 + Level 4.3 Fighting
 + Level 1.9 Short Blades
 + Level 8.3 Bows
 + Level 3.3 Armour
 + Level 2.9 Dodging
 + Level 1.2 Stealth


You had 6 spell levels left.
You didn't know any spells.

Dungeon Overview and Level Annotations

Branches:
Dungeon (5/15)             Temple (0/1) D:5

Altars:
Dithmenos
Nemelex Xobeh
Okawaru
Ru
Trog
Vehumet
Xom

Annotations:
D:5 Blork the orc


Innate Abilities, Weirdness & Mutations

You reflexively headbutt those who attack you in melee.
You have a pair of horns on your head.


Message History

You headbutt Blork the orc, but do no damage.
You hit Blork the orc. Your headbutt misses Blork the orc.
Blork the orc is almost dead.
Blork the orc barely misses you.
You feel better. Blork the orc casts a spell at you.
The puff of frost hits you!
* * * LOW HITPOINT WARNING * * *
You feel better. Blork the orc closely misses you.
You hit Blork the orc but do no damage. Your headbutt misses Blork the orc.
Blork the orc is almost dead.
You barely miss Blork the orc.
Blork the orc is almost dead.
Blork the orc gestures at you while chanting.
The magic dart hits you!
* * * LOW HITPOINT WARNING * * *
You barely miss Blork the orc. Your headbutt misses Blork the orc.
Blork the orc is almost dead.
Blork the orc hits you with a mace!
You die...

..# ....(.......♣P...P♣ ..#
.....(......♣P._.P♣ .)#
........{...♣P...P♣♣ ..#
.......†....♣♣P...P♣## ###
#######.....♣ ♣P.....# ####
#.....♣ ♣P.⌠...# #..#
#####.....♣♣♣P.....#
#..###...#.....♣♣P...P♣.#
#..#.+..@o....#♣P...P♣♣..
#..#.#...##...#♣P.>.P♣♣##
#####..#.#...##...#♣P...P♣ #
#......#.#...##...#♣♣PPP♣♣♣##
#......#.#...##.....♣♣♣♣♣♣.##
#
#............#####.......#.##
#..
#..........................##
...
###.....................#..##
..#
#.....................#....


You could see Blork the orc.

Vanquished Creatures
  A sky beast (D:5)
  Purgy (Sewer)
  The ghost of Alfie the Skirmisher, an amateur DrBe of Trog (D:4)
  An ogre (D:5)
  A centaur (D:5)
  A centaur skeleton (D:4)
  Jessica (D:3)
  2 orc wizards
  A worker ant (D:5)
  A hound skeleton (D:4)
  6 adders
  A shadow imp (D:5)
  2 oozes
  An adder zombie (D:2)
  2 worms (D:2)
  2 dart slugs
  3 leopard geckos
  4 orcs (D:3)
  5 giant cockroaches
  6 goblins
  4 hobgoblins
  A jackal (D:2)
  3 quokkas (D:2)
  2 ball pythons
  14 bats
  2 frilled lizards (Sewer)
  4 kobolds
  A leopard gecko skeleton (D:4)
  2 leopard gecko zombies
  2 quokka skeletons (D:2)
  A quokka zombie (D:2)
  8 rats
87 creatures vanquished.

Notes
Turn   | Place    | Note
-------+----------+-------------------------------------------
     0 | D:1      | Alfie the Minotaur Hunter began the quest for the Orb.
     0 | D:1      | Reached XP level 1. HP: 18/18 MP: 0/0
   160 | D:1      | Reached XP level 2. HP: 25/25 MP: 1/1
   408 | D:1      | Reached skill level 5 in Bows
   705 | D:2      | Reached XP level 3. HP: 30/30 MP: 2/2
   847 | D:2      | Found a sacrificial altar of Ru.
   870 | D:2      | Reached XP level 4. HP: 37/37 MP: 3/3
   891 | D:2      | Reached skill level 6 in Bows
  1599 | D:2      | Found an iron altar of Okawaru.
  1602 | D:2      | Found a sparkling altar of Nemelex Xobeh.
  1605 | D:2      | Found a radiant altar of Vehumet.
  1682 | D:3      | Reached skill level 1 in Short Blades
  1702 | D:3      | Found a shimmering altar of Xom.
  1856 | D:3      | Reached skill level 1 in Armour
  1856 | D:3      | Reached skill level 1 in Stealth
  1856 | D:3      | Reached XP level 5. HP: 42/42 MP: 4/4
  1890 | D:3      | Noticed Jessica
  1892 | D:3      | Found a shadowy altar of Dithmenos.
  1897 | D:3      | Killed Jessica
  2400 | D:4      | Noticed Alfie's ghost (amateur DrBe)
  2430 | D:4      | Killed Alfie's ghost
  2430 | D:4      | Reached skill level 7 in Bows
  2430 | D:4      | Reached XP level 6. HP: 22/51 MP: 5/5
  2637 | D:4      | Found a bloodstained altar of Trog.
  2794 | D:5      | Entered Level 5 of the Dungeon
  2835 | D:5      | Got a spiked leather armour
  3013 | D:5      | Found a glowing drain.
  3052 | Sewer    | Entered a sewer
  3216 | Sewer    | Noticed Purgy
  3234 | Sewer    | Killed Purgy
  3234 | Sewer    | Reached XP level 7. HP: 39/58 MP: 6/6
  3291 | D:5      | Reached skill level 8 in Bows
  3311 | D:5      | Found a faded altar of an unknown god.
  3314 | D:5      | Found a staircase to the Ecumenical Temple.
  3500 | D:5      | Noticed Blork the orc
  3513 | D:5      | Identified the +2 leather armour of the Queen {Dex+5} (You found it on level 5 of the Dungeon)
  3532 | D:5      | HP: 2/59 [Blork the orc/magic dart (8)]
  3533 | D:5      | Slain by Blork the orc

Skill      XL: |  1  2  3  4  5  6  7 |
---------------+----------------------+-----
Bows           | 5 6 7 8 |  8.3
Short Blades   | 1 |  1.9
Armour         | 1 2 3 |  3.3
Stealth        | 1 |  1.2
Fighting       | 3 4 |  4.3
Dodging        | |  2.9

Action                   |  1- 3 |  4- 6 |  7- 9 || total
-------------------------+-------+-------+-------++-------
Melee: Short sword       |    35 |    49 |    22 ||   106
       Headbutt          |     3 |     9 |     1 ||    13
 Fire: Shortbow          |    61 |   109 |    23 ||   193
  Use: Scroll            |     1 |     6 |     1 ||     8
       Potion            |       |     2 |     4 ||     6
  Eat: Bread ration      |       |     2 |       ||     2
       Royal jelly       |       |     1 |       ||     1
Armor: Leather armour    |    29 |    19 |     3 ||    51
Dodge: Dodged            |    34 |    72 |     9 ||   115
